 Dungeon Crawl Stone Soup version 0.21-a0-529-g8c7b3f5d53 (webtiles) character file.

5897 Manul the Martial Artist (level 10, -11/74 HPs)
             Began as a Demonspawn Monk on Oct 25, 2017.
             Was an Initiate of Gozag.
             Mangled by a two-headed ogre
             ... wielding a +0 giant spiked club
              (29 damage)
             ... on level 10 of the Dungeon on Dec 10, 2017.
             The game lasted 00:14:06 (10102 turns).

Manul the Martial Artist (Demonspawn Monk)         Turns: 10102, Time: 00:14:06

Health: -11/74     AC:  8    Str:  9    XL:     10   Next: 53%
Magic:  11/11      EV: 18    Int: 12    God:    Gozag
Gold:   1149       SH:  8    Dex: 19    Spells: 9/9 levels left

rFire    + . .     SeeInvis +     - Unarmed
rCold    + . .     Gourm    .   D - +2 buckler {rC+ rF+}
rNeg     . . .     Faith    .   H - +0 ring mail of the Bruised Yaks {*Drain Regen+ Str-2 SInv}
rPois    .         Spirit   .   (no helmet)
rElec    .         Reflect  .   u - +0 cloak (curse)
rCorr    .         Harm     .   (no gloves)
MR       .....                  p - +0 pair of boots
Stlth    ++........             (no amulet)
HPRegen  0.62/turn              n - ring of wizardry
MPRegen  0.12/turn              r - +4 ring of evasion

@: no status effects
A: foul stench 1, rot immunity, sturdy frame 2
a: Potion Petition, Call Merchant, Bribe Branch, Renounce Religion


You were on level 10 of the Dungeon.
You worshipped Gozag.
Gozag was most pleased with you.
You were very hungry.

You visited 2 branches of the dungeon, and saw 11 of its levels.

You collected 1149 gold pieces.

Inventory:

Hand Weapons
 g - a +0 spear
Armour
 p - a +0 pair of boots (worn)
 u - a cursed +0 cloak (worn)
 D - a +2 buckler of resistance (worn)
 F - a +2 shield
 H - the +0 ring mail of the Bruised Yaks (worn) {*Drain Regen+ Str-2 SInv}
   (You found it on level 5 of the Dungeon)

   It affects your strength (-2).
   It lets you see invisible.
   It increases your rate of regeneration.
   It causes draining when unequipped.
Jewellery
 n - a ring of wizardry (left hand)
 r - a +4 ring of evasion (right hand)
Wands
 b - a wand of polymorph (5)
 i - a wand of random effects (23)
 B - a wand of removedness (9)
 E - a wand of random effects (8)
 I - a wand of removedness (8)
Scrolls
 a - a scroll of torment {unknown}
 d - 4 scrolls of identify
 l - 2 scrolls of noise {unknown}
 o - a scroll of enchant armour {unknown}
 s - 8 scrolls of remove curse
 v - 2 scrolls of amnesia {unknown}
 x - a scroll of enchant weapon {unknown}
 y - a scroll of fear
Potions
 k - a potion of agility
 m - 2 potions of curing
 q - 2 potions of flight
Comestibles
 c - 3 royal jellies
 f - 7 meat rations
 j - 3 fruits
 G - 4 bread rations


   Skills:
 + Level 5.0 Fighting
 - Level 0.3 Polearms
 + Level 5.9 Armour
 + Level 5.2 Dodging
 + Level 4.5 Stealth
 + Level 4.1 Shields
 + Level 10.5 Unarmed Combat
 + Level 1.7 Evocations


You had 9 spell levels left.
You didn't know any spells.

Dungeon Overview and Level Annotations

Branches:
Dungeon (10/15)            Temple (1/1) D:5
   Lair: D:8-11         Orc: D:9-12

Altars:
Ashenzari
Dithmenos
Fedhas
Gozag
Hepliaklqana
Kikubaaqudgha
Nemelex Xobeh
Okawaru
Qazlal
Ru
Uskayaw
Wu Jian
Yredelemnul
Zin
The Shining One

Shops:
D:5 =   D:7 }

Annotations:
D:10 Fannar


Innate Abilities, Weirdness & Mutations

You may emit foul miasma when damaged in melee.
You are immune to rotting.
Your movements are less encumbered by armour. (ER -4)


Message History

The bullfrog zombie closely misses you. The ice beast completely misses you.
The orc barely misses you. You block the bullfrog zombie's attack.
You block the ice beast's attack. The orc hits you but does no damage.
The bullfrog zombie barely misses you. The ice beast closely misses you.
The orc misses you.
The bullfrog zombie hits you but does no damage.
The ice beast disappears in a puff of smoke!
The bullfrog zombie barely misses you. The orc barely misses you.
You block the bullfrog zombie's attack. The troll bites you.
You block the troll's attack. The troll claws you but does no damage.
The orc hits you. The troll bites you but does no damage.
The troll closely misses you. The troll claws you!
* * * LOW HITPOINT WARNING * * *
The troll looks sick.
The orc barely misses you. You block the troll's attack.
The troll closely misses you. You block the troll's attack.
The two-headed ogre hits you with a giant spiked club!!
You die...
Your body crumbles into a pile of gold.

############ #...........
#.#......###### #.#...(.......#
#.#......####.# #
#.#.#..<.Yo.#.#.#
#.#.##)####@#.#$# .. ....
######.#.##(#..TO#...# .# #...
#.........#(#.##Z#.#.# .###...
#.......<.#(#...Z....# .......
#.........#)######T#.#####.###.!.
#..................#+#...........
#...........######YY..YY.O####...
#................'.....T......e$.
#.........########.......#####.$.


You could see a two-headed ogre, a troll, an ice beast, an orc, a bullfrog
zombie and a howler monkey skeleton.

Vanquished Creatures
  A two-headed ogre (D:9)
  Pikel (D:4)
  A troll (D:8)
  Grinder (D:6)
  3 hippogriffs
  Sigmund (D:4)
  A vampire (D:9)
  A hungry ghost (D:8)
  Grum (D:9)
  Menkaure (D:6)
  A water moccasin (D:10)
  An orc warrior (D:7)
  An ice beast (D:8)
  A black bear (D:7)
  A sky beast (D:8)
  A slave (D:4)
  4 ogres
  2 phantoms
  2 centaurs
  2 necrophages
  4 wolves (D:9)
  A big kobold (D:8)
  3 bullfrogs
  2 scorpions
  A howler monkey (D:9)
  3 crimson imps
  3 orc priests
  2 centaur skeletons
  3 hounds
  Crazy Yiuf (D:6)
  Ijyb (D:3)
  3 bullfrog skeletons
  4 iguanas
  3 orc wizards
  13 worker ants
  2 killer bee zombies
  A hound skeleton (D:4)
  A worker ant zombie (D:8)
  9 adders
  A shadow imp (D:8)
  An ooze (D:2)
  An adder skeleton (D:4)
  2 worms
  2 dart slugs
  6 leopard geckos
  13 orcs
  3 giant cockroaches
  4 goblins
  6 hobgoblins
  15 jackals
  4 quokkas
  3 bats
  3 frilled lizards
  5 kobolds
  A quokka zombie (D:9)
  11 rats
169 creatures vanquished.

Vanquished Creatures (others)
  An orc (D:4)
1 creature vanquished.

Grand Total: 170 creatures vanquished

Notes
Turn   | Place    | Note
-------+----------+-------------------------------------------
     0 | D:1      | Manul the Demonspawn Monk began the quest for the Orb.
     0 | D:1      | Reached XP level 1. HP: 18/18 MP: 1/1
   474 | D:1      | Gained mutation: You are immune to rotting. [demonic ancestry]
   474 | D:1      | Reached XP level 2. HP: 24/24 MP: 2/2
  1084 | D:2      | Reached skill level 3 in Unarmed Combat
  1084 | D:2      | Reached XP level 3. HP: 27/29 MP: 3/3
  1497 | D:2      | Reached XP level 4. HP: 17/37 MP: 4/4
  1685 | D:2      | You fall through a shaft!
  2004 | D:3      | Reached skill level 1 in Armour
  3390 | D:3      | Reached XP level 5. HP: 35/42 MP: 5/5
  3959 | D:4      | Found a blossoming altar of Fedhas.
  4235 | D:4      | Reached skill level 4 in Unarmed Combat
  4481 | D:4      | Noticed Sigmund
  4496 | D:4      | Noticed Ijyb
  4537 | D:3      | Gained mutation: You may emit foul miasma when damaged in melee. [demonic ancestry]
  4537 | D:3      | Reached XP level 6. HP: 29/48 MP: 6/6
  4785 | D:3      | Killed Ijyb
  4898 | D:4      | Killed Sigmund
  4898 | D:4      | Reached skill level 1 in Shields
  4990 | D:4      | Noticed a slave
  4992 | D:4      | Noticed a slave
  4993 | D:4      | Noticed a slave
  4994 | D:4      | Noticed Pikel
  4998 | D:4      | Noticed a slave
  5007 | D:4      | Killed a slave
  5052 | D:4      | Killed Pikel
  5052 | D:4      | Reached skill level 5 in Unarmed Combat
  5052 | D:4      | Reached skill level 1 in Evocations
  5052 | D:4      | Reached XP level 7. HP: 38/54 MP: 7/7
  5264 | D:5      | Entered Level 5 of the Dungeon
  5266 | D:5      | Found a sparkling altar of Nemelex Xobeh.
  5277 | D:5      | Got a pitted ring mail
  5288 | D:5      | Identified the +0 ring mail of the Bruised Yaks {*Drain Regen+ Str-2 SInv} (You found it on level 5 of the Dungeon)
  5368 | D:5      | Found a staircase to the Ecumenical Temple.
  5401 | D:5      | Found Qiaroso's Jewellery Emporium.
  5436 | Temple   | Entered the Ecumenical Temple
  5473 | Temple   | Became a worshipper of Gozag Ym Sagoz the Greedy
  5559 | D:5      | Gained mutation: Your movements are slightly less encumbered by armour. (ER -2) [demonic ancestry]
  5559 | D:5      | Reached XP level 8. HP: 51/61 MP: 8/8
  5824 | D:6      | Reached skill level 6 in Unarmed Combat
  5888 | D:6      | Noticed Grinder
  5892 | D:6      | Paralysed by Grinder for 7 turns
  6425 | D:6      | Killed Grinder
  6425 | D:6      | Reached skill level 7 in Unarmed Combat
  6430 | D:6      | Found a glowing golden altar of the Shining One.
  6689 | D:6      | Noticed Menkaure
  6865 | D:6      | Killed Menkaure
  6865 | D:6      | Gained mutation: Your movements are less encumbered by armour. (ER -4) [demonic ancestry]
  6865 | D:6      | Reached XP level 9. HP: 38/66 MP: 8/10
  6932 | D:6      | Found a runed door.
  6936 | D:6      | Noticed Crazy Yiuf
  6941 | D:6      | Killed Crazy Yiuf
  7165 | D:7      | Reached skill level 8 in Unarmed Combat
  7367 | D:7      | Reached skill level 5 in Armour
  7473 | D:7      | Found Mivaaz's Gadget Boutique.
  8363 | D:8      | Reached skill level 9 in Unarmed Combat
  8436 | D:8      | Noticed a troll
  8448 | D:8      | Killed a troll
  9178 | D:9      | Noticed Grum
  9198 | D:9      | Killed Grum
  9198 | D:9      | Reached XP level 10. HP: 57/73 MP: 11/11
  9307 | D:9      | Noticed a two-headed ogre
  9331 | D:9      | Killed a two-headed ogre
  9331 | D:9      | Reached skill level 5 in Dodging
  9331 | D:9      | Reached skill level 10 in Unarmed Combat
  9697 | D:10     | Entered Level 10 of the Dungeon
  9698 | D:10     | Upgraded the game from 0.21-a0-401-g0b6bec4 to 0.21-a0-529-g8c7b3f5d53
  9803 | D:9      | Reached skill level 5 in Fighting
  9997 | D:10     | Noticed Fannar
  9999 | D:10     | Noticed a two-headed ogre
 10102 | D:10     | Mangled by a two-headed ogre

Vault maps used:
D:1:      tarquinn_simple_flora_water_a
D:3:      serial_co_window_serial, co_window_paths_b, co_window_cross_1,
          co_window_paths_b, co_window_corner_a, co_window_of_opportunity_a,
          co_window_corner_cb, co_window_of_opportunity_b, co_window_corner_b,
          co_window_broadway_c, co_window_corner_cb, glass_columns_c,
          glass_columns_c
D:4:      fedhas_altar_1, uniq_sigmund, uniq_ijyb, uniq_pikel
D:5:      minmay_temple_entry_fiery, serial_corexii_hall,
          corexii_hall_statues_deadend, corexii_hall_statues_s, first_bread,
          basic_altar, serial_shops, kennysheep_mini
D:6:      lemuel_crystal_altar, uniq_menkaure, uniq_grinder,
          uniq_crazy_yiuf_cottage
D:7:      serial_shops, shop, grunt_ogre_cave
D:9:      uniq_grum
D:10:     lair_entry_dummy, st_stairs_11, uniq_fannar, uniq_urug
Temple:   regret_index_temple_sigil_plot

Skill      XL: |  1  2  3  4  5  6  7  8  9 10 |
---------------+-------------------------------+-----
Stealth        | 2 3 4 |  4.5
Dodging        | 3 4 5 |  5.2
Unarmed Combat | 3 4 5 7 9 10 | 10.5
Armour         | 1 2 3 4 5 |  5.9
Fighting       | 4 5 |  5.0
Shields        | 2 3 4 |  4.1
Evocations     | 1 |  1.7
Polearms       | |  0.3

Action                   |  1- 3 |  4- 6 |  7- 9 | 10-12 || total
-------------------------+-------+-------+-------+-------++-------
Melee: Spear             |    93 |       |       |       ||    93
       Unarmed           |    34 |   327 |   508 |   151 ||  1020
       Punch             |       |     1 |       |       ||     1
Invok: Potion Petition   |       |       |       |     1 ||     1
Evoke: Wand              |       |     5 |     8 |     3 ||    16
  Use: Potion            |     4 |       |     6 |     6 ||    16
       Scroll            |     3 |       |     6 |       ||     9
 Stab: Sleeping          |     1 |       |     5 |       ||     6
       Paralysed         |       |       |     5 |       ||     5
       Invisible         |       |       |     3 |     3 ||     6
       Distracted        |       |       |     3 |       ||     3
  Eat: Chunk             |     2 |     6 |       |       ||     8
       Bread ration      |       |     2 |     3 |       ||     5
       Royal jelly       |       |       |       |     1 ||     1
Armor: Chain mail        |    60 |   141 |     3 |       ||   204
       Leather armour    |     2 |       |       |       ||     2
       Ring mail         |       |       |    84 |    56 ||   140
       Skin              |       |       |    19 |       ||    19
Dodge: Dodged            |    35 |   164 |   282 |   247 ||   728
Block: Buckler           |       |    30 |   131 |   122 ||   283

Table legend:
 A = Spawn XP
 B = Non-spawn XP
 C = Spawn XP percentage of total XP
 D = Spawn monster count
 E = Non-spawn monster count
 F = Spawn count percentage of total count
 G = Total turns spent on level
                    A         B        C        D         E        F      G
               +---------+---------+-------+---------+---------+-------+---------
         Total |       0 |    8425 |   0.0 |       0 |     169 |   0.0 | 10102
               +---------+---------+-------+---------+---------+-------+---------
           D:1 |       0 |      24 |   0.0 |       0 |      14 |   0.0 |   959
           D:2 |       0 |      78 |   0.0 |       0 |      21 |   0.0 |   878
           D:3 |       0 |     170 |   0.0 |       0 |      21 |   0.0 |  2073
           D:4 |       0 |    1009 |   0.0 |       0 |      13 |   0.0 |  1354
           D:5 |       0 |     158 |   0.0 |       0 |       5 |   0.0 |   632
           D:6 |       0 |    1017 |   0.0 |       0 |      16 |   0.0 |   910
           D:7 |       0 |    1311 |   0.0 |       0 |      21 |   0.0 |   933
           D:8 |       0 |    1477 |   0.0 |       0 |      26 |   0.0 |  1392
           D:9 |       0 |    2861 |   0.0 |       0 |      21 |   0.0 |   550
          D:10 |       0 |     320 |   0.0 |       0 |      11 |   0.0 |   361
               +---------+---------+-------+---------+---------+-------+---------
